 Dungeon Crawl Stone Soup version bcrawl-1.13 (webtiles) character file.

Game seed: 5171528291139610977

60 MisterOstroum the Sneak (level 3, -4/22 HPs)
             Began as a Skeleton Archaeologist on July 29, 2019.
             Killed by divine providence
             ... invoked by an orc priest
              (12 damage)
             ... on level 3 of the Dungeon.
             The game lasted 00:13:01 (2363 turns).

MisterOstroum the Sneak (Skeleton Archaeologist)    Turns: 2363, Time: 00:13:02

Health: -4/22      AC:  6    Str: 17    XL:     3   Next: 80%
Magic:  0/5        EV:  9    Int: 12    God:
Gold:   243        SH:  8    Dex:  8    Spells: 5/5 levels left

rFire    . . .     SeeInvis .   l - +2 short sword (vamp)
rCold    + . .     Gourm    .   n - +2 shield
rNeg     + + +     Faith    .   b - +1 robe
rPois    ∞         Spirit   +   c - +1 hat
rElec    .         Reflect  .   (no cloak)
rCorr    .         Harm     .   (no gloves)
MR       .....                  d - +1 pair of boots
Stlth    ++........             (no amulet)
HPRegen  0.07/turn              (no ring)
MPRegen  0.09/turn              (no ring)

@: studying Spellcasting
A: no food or potions, cold resistance 1, deterioration 1, negative energy
resistance 3, torment resistance, unbreathing, magic shield, sturdy frame 1,
spell healing
a: no special abilities


You were on level 3 of the Dungeon.
You were not hungry.

You visited 1 branch of the dungeon, and saw 3 of its levels.

You collected 243 gold pieces.

Inventory:

Hand Weapons
 a - a +0 whip
 g - a +0 mace
 l - a +2 vampiric short sword (weapon)
Missiles
 h - 548 sling bullets
 i - 1122 stones (quivered)
 q - a throwing net {!f!f}
Armour
 b - a +1 robe (worn)
 c - a +1 hat (worn)
 d - a +1 pair of boots (worn)
 n - a +2 shield (worn)
Scrolls
 j - a scroll of blinking {unknown}
 k - 2 scrolls of identify {@r1}
 m - 4 scrolls of remove curse {unknown}
 o - a scroll of amnesia {unknown}
 p - a scroll of magic mapping {unknown}
Books
 e - a manual of Spellcasting
Miscellaneous
 f - an ancient crate


   Skills:
 * Level 2.9 Fighting
 - Level 2.1 Maces & Flails
 - Level 0.6 Throwing
 - Level 3.0 Dodging
 - Level 3.6 Stealth
 + Level 1.7 Spellcasting
 - Level 0.2 Evocations


You had 5 spell levels left.
You didn't know any spells.
Your spell library was empty.

Dungeon Overview and Level Annotations

Branches:
Dungeon (3/12)

Altars:
Fedhas
Trog
Vehumet

Annotations:
D:2 1 runed door


Innate Abilities, Weirdness & Mutations

You do not eat or drink.
You are immune to poison.
Your flesh is cold resistant. (rC+)
Your body sometimes deteriorates upon taking damage.
You are immune to negative energy. (rN+++)
You are immune to unholy pain and torment.
You can survive without breathing.
When hurt, damage is shared between your health and your magic reserves.
Your movements are slightly less encumbered by armour. (ER -2)
Casting spells heals you.


Message History

The hobgoblin barely misses you.
The goblin throws a stone.
The stone hits you but does no damage.
You see here a +0 animal skin.
You hit the hobgoblin.
The hobgoblin is almost dead.
You block the hobgoblin's attack.
The goblin throws a stone.
You block the stone.
You hit the hobgoblin.
You kill the hobgoblin!
The goblin throws a stone.
The stone hits you.
Things that are here:
4 stones; a +0 animal skin The goblin misses you.
You hit the goblin.
You feel better.
The goblin is heavily wounded.
You completely miss the goblin.
The goblin is heavily wounded.
You block the goblin's attack. The goblin barely misses you.
The goblin hits you but does no damage.
You closely miss the goblin.
The goblin is heavily wounded.
You block the goblin's attack. The goblin hits you but does no damage.
You puncture the goblin!
You kill the goblin!
The goblin closely misses you.
You hit the goblin.
The goblin is moderately wounded.
The goblin closely misses you.
You hit the goblin.
You kill the goblin!
No target in view!
No target in view!
Things that are here:
a +0 animal skin; a goblin corpse
There is a bloodstained altar of Trog here.
You kneel at the altar of Trog.
Things that are here:
a +0 animal skin; a goblin corpse
i - 940 stones (gained 4)
You see here a +0 animal skin.
You see here a +0 animal skin.
q - a throwing net {!f!f}
Things that are here:
a +0 animal skin; a kobold corpse
i - 943 stones (gained 3)
Things that are here:
a +0 animal skin; a hobgoblin corpse You open the door.
Found a dagger.
There is an open door here.
Found a blossoming altar of Fedhas.
i - 1122 stones (gained 179)
There is a blossoming altar of Fedhas here.
Found a ration.
There is a blossoming altar of Fedhas here.
You kneel at the altar of Fedhas.
Fedhas does not accept worship from those such as you!
A bat comes into view.
A bat is nearby!
The bat hits you but does no damage.
You miss the bat. The bat completely misses you. The bat barely misses you.
You block the bat's attack. The bat hits you but does no damage. x2
You closely miss the bat. You block the bat's attack.
The bat hits you but does no damage.
The orc shouts!
The bat closely misses you. You block the bat's attack.
The bat hits you but does no damage. The bat closely misses you.
The worker ant twitches its antennae in your direction.
You block the bat's attack. The orc hits you but does no damage.
Found a stone staircase leading down.
The orc priest shouts!
You hit the orc.
The orc is heavily wounded.
You block the bat's attack. You block the orc's attack.
You block the bat's attack.
The orc priest calls down the wrath of Beogh upon you.
Beogh smites you!
Ouch! That really hurt!
You close the door.
You block the bat's attack. The orc closely misses you.
The bat hits you but does no damage.
An orc opens the door.
The bat hits you but does no damage. The bat hits you.
You block the worker ant's attack. You block the bat's attack.
You block the bat's attack. The bat hits you but does no damage.
You block the bat's attack.
The orc priest calls upon Beogh to heal the orc.
The orc's wounds heal themselves!
You block the bat's attack. The bat misses you.
The worker ant bites you but does no damage.
The bat hits you but does no damage. The bat hits you.
The bat hits you but does no damage. The bat misses you.
The bat barely misses you.
The orc priest mumbles some strange prayers to Beogh against you.
Beogh smites you!
Ouch! That really hurt!
You die...

#......###≈≈≈≈≈≈≈≈≈≈...
#...%.o# ##≈≈≈≈≈≈≈≈≈≈≈≈
#......# ###≈≈≈≈≈≈≈≈≈≈
#......# ###≈≈≈≈≈≈≈≈
#......# ####≈≈≈≈≈
#....oa# ######
######b# #.# #@# #.#
#.# #.# ######.#
#......## #.####..#
#.......#####
#..####.....#


You could see a worker ant, an orc priest, an orc and a bat.

Vanquished Creatures
  An ooze (D:1)
  A worm (D:2)
  A dart slug (D:2)
  A leopard gecko (D:2)
  3 orcs
  7 bats
  5 goblins
  4 hobgoblins
  11 kobolds
  2 quokkas
  3 ball pythons
  3 frilled lizards
  4 rats
46 creatures vanquished.

Vanquished Creatures (others)
  5 toadstools (D:1)
5 creatures vanquished.

Grand Total: 51 creatures vanquished

Notes
Turn   | Place    | Note
-------+----------+-------------------------------------------
     0 | D:1      | MisterOstroum the Skeleton Archaeologist began the quest
                  | for the Orb.
     0 | D:1      | Reached XP level 1. HP: 12/12 MP: 1/1
   176 | D:1      | Reached XP level 2. HP: 13/16 MP: 2/2
  1154 | D:2      | Reached XP level 3. HP: 22/22 MP: 3/3
  1164 | D:2      | Found a radiant altar of Vehumet.
  1296 | D:2      | Reached skill level 1 in Spellcasting
  1716 | D:2      | Found a runed door.
  2159 | D:3      | Found a bloodstained altar of Trog.
  2267 | D:3      | Found a blossoming altar of Fedhas.
  2363 | D:3      | Killed from afar by an orc priest

Skill      XL: |  1  2  3 |
---------------+----------+-----
Maces & Flails | 2 |  2.1
Fighting       | 2 |  2.9
Spellcasting   | 1 |  1.7
Throwing       | |  0.6
Dodging        | |  3.0
Stealth        | |  3.6
Evocations     | |  0.2

Action                   || total
-------------------------++-------
Melee: Mace              ||    79
       Whip              ||     2
       Short sword       ||    73
Throw: Stone             ||    17
  Use: Scroll            ||     1
 Stab: Sleeping          ||     6
Armor: Robe              ||    73
Dodge: Dodged            ||    95
Block: Shield            ||    34
